 Dungeon Crawl Stone Soup version 0.29-a0-664-gff9cad4a3d (webtiles) character file.

Game seed: 105077737988607288

620 buhh the Quickloader (level 7, -2/50 HPs)
             Began as a Formicid Hunter on June 22, 2022.
             Shot with an arrow by a centaur (4 damage)
             ... on level 6 of the Dungeon.
             The game lasted 00:10:05 (4610 turns).

buhh the Quickloader (Formicid Hunter)              Turns: 4610, Time: 00:10:06

Health: -2/50      AC:  3    Str: 16    XL:     7   Next: 74%
Magic:  7/7        EV: 12    Int:  8    God:
Gold:   114        SH:  0    Dex: 19    Spells: 6/6 levels left

rFire   . . .      SeeInvis +   a - +1 hand crossbow
rCold   . . .      Faith    .   (no shield)
rNeg    . . .      Spirit   .   b - +0 leather armour
rPois   .          Reflect  .   (helmet unavailable)
rElec   .          Harm     .   (no cloak)
rCorr   .          Rampage  .   (no gloves)
Will    .....                   (no boots)
Stlth   ++........              (no amulet)
HPRegen 0.16/turn               (no ring)
MPRegen 0.10/turn               (no ring)

@: weak-willed
A: permanent stasis, dig shafts and tunnels, antennae 3, four strong arms
a: Dig, Shaft Self


You were on level 6 of the Dungeon.
You visited 1 branch of the dungeon, and saw 6 of its levels.

You collected 201 gold pieces.
You spent 87 gold pieces at shops.

Inventory:

Hand Weapons
 a - a +1 hand crossbow (weapon)
Armour
 b - a +0 leather armour (worn)
Scrolls
 c - a scroll of blinking {!d}
 g - 2 scrolls of identify {!d}
 Q - a scroll of fog
 T - 2 scrolls of immolation {!d}
Potions
 d - 3 potions of attraction
 f - a potion of curing {unknown}
 h - a potion of mutation {unknown}
 i - 2 potions of brilliance {unknown}
 j - a potion of flight {unknown}
 k - a potion of berserk rage {unknown}
 l - a potion of haste {unknown}
 n - a potion of degeneration {unknown}


   Skills:
 - Level 2.1 Fighting
 + Level 8.8 Crossbows
 - Level 1.7 Dodging
 - Level 2.0 Stealth


You had 6 spell levels left.
You didn't know any spells.
Your spell library was empty.

Dungeon Overview and Level Annotations

Branches:
Dungeon (6/15) Zot: 26295
 Temple: D:4-7

Altars:
Sif Muna

Shops:
D:3 [*(

Annotations:
D:4 Pikel
D:6 Blork the orc


Innate Abilities, Weirdness & Mutations

You cannot be hasted, slowed, berserked, paralysed or teleported.
You can dig through walls and to a lower floor.
You have a pair of large antennae on your head. (SInv)
Your four strong arms can wield two-handed weapons with a shield.


Message History

* * * LOW HITPOINT WARNING * * *
It was a potion of heal wounds.
You feel much better.
M - a potion of heal wounds The centaur shoots an arrow.
The arrow hits you!
* * * LOW HITPOINT WARNING * * *
The centaur shoots an arrow.
The arrow hits you!
* * * LOW HITPOINT WARNING * * *
Really quaff
M - a potion of heal wounds {!q!d}? [Y]es or [N]o only, please.
Really quaff
M - a potion of heal wounds {!q!d}?
You feel much better.
The centaur shoots an arrow.
The arrow hits you!
* * * LOW HITPOINT WARNING * * *
Shoot: a) +1 hand crossbow
Press: ? - help, Q - select action, (/) - cycle Shift-Dir - straight line, f/p - centaur
Aim: a centaur, wielding a +0 shortbow and quivering stones (lightly wounded, weak-willed, 77% to hit)
You shoot a bolt. The bolt hits the centaur.
The centaur is moderately wounded.
The centaur shoots an arrow.
The arrow completely misses you.
The centaur shoots an arrow.
The arrow closely misses you.
Shoot: a) +1 hand crossbow
Press: ? - help, Q - select action, (/) - cycle Shift-Dir - straight line, f/p - centaur
Aim: a centaur, wielding a +0 shortbow and quivering stones (moderately wounded, weak-willed, 77% to hit)
You shoot a bolt. The bolt closely misses the centaur.
The centaur shoots an arrow.
The arrow completely misses you.
Shoot: a) +1 hand crossbow
Press: ? - help, Q - select action, (/) - cycle Shift-Dir - straight line, f/p - centaur
Aim: a centaur, wielding a +0 shortbow and quivering stones (poison gas, moderately wounded, weak-willed, 77% to hit)
You shoot a bolt. The bolt completely misses the centaur.
The centaur is poisoned.
The centaur shoots an arrow.
The arrow misses you.
Shoot: a) +1 hand crossbow
Press: ? - help, Q - select action, (/) - cycle Shift-Dir - straight line, f/p - centaur
Aim: a centaur, wielding a +0 shortbow and quivering stones (poison gas, moderately wounded, poisoned, weak-willed, 77% to hit)
You shoot a bolt. The bolt hits the centaur.
The centaur is moderately wounded.
The centaur is engulfed in poison gas.
The centaur looks even sicker.
The centaur shoots an arrow.
The arrow hits you!
* * * LOW HITPOINT WARNING * * *
The centaur is engulfed in poison gas.
The centaur looks even sicker.
The centaur shoots an arrow.
The arrow hits you.
You die...

#........#.......#.......#####
.................°§§...........#
.##.####.###.#<#.§☼#.########.##
#. ..# #.#.#.☼§#.# #.# # ...#
#.#...§§#.# #.# .#
#.####§○#.########.#
#...°☼§☼#..........#
#####§§§############ #@§☼# #§§°#
§§§§# ###c§# .§# §○# §§# §○#


You could see a centaur (very poisoned, weak-willed).

Vanquished Creatures
  Grinder (D:4)
  A scorpion (D:3)
  A bullfrog (D:4)
  A hound (D:4)
  4 orc wizards
  6 adders
  A white imp (D:6)
  4 worms
  3 dart slugs
  5 orcs
  8 bats
  2 endoplasms
  A giant cockroach (D:3)
  10 goblins
  7 hobgoblins
  18 jackals
  2 quokkas (D:1)
  7 ball pythons
  2 frilled lizards
  10 kobolds
  2 rats
96 creatures vanquished.

Vanquished Creatures (others)
  5 toadstools (D:4)
5 creatures vanquished.

Grand Total: 101 creatures vanquished

Notes
Turn   | Place    | Note
-------+----------+-------------------------------------------
     0 | D:1      | buhh the Formicid Hunter began the quest for the Orb.
     0 | D:1      | Reached XP level 1. HP: 16/16 MP: 1/1
    64 | D:1      | Reached XP level 2. HP: 22/22 MP: 2/2
   305 | D:1      | Reached XP level 3. HP: 27/27 MP: 3/3
   894 | D:2      | Reached skill level 5 in Crossbows
   928 | D:2      | Reached XP level 4. HP: 30/33 MP: 4/4
  1184 | D:2      | Found a faded altar of an unknown god.
  1294 | D:3      | Found Hoozir's Weapon Shoppe.
  1466 | D:3      | Found a shimmering blue altar of Sif Muna.
  1790 | D:3      | Reached skill level 6 in Crossbows
  1790 | D:3      | Reached XP level 5. HP: 32/38 MP: 5/5
  1982 | D:3      | Found Yshiuf's Antique Armour Emporium.
  2107 | D:3      | Reached XP level 6. HP: 44/44 MP: 6/6
  2164 | D:3      | Found Fiji Xam's Assorted Antiques.
  2172 | D:3      | Bought a scroll labelled DICEZI AXIK for 29 gold pieces
  2172 | D:3      | Bought a scroll labelled SIAMUTY SIFISH for 29 gold pieces
  2172 | D:3      | Bought a scroll labelled HYTAES PAGH for 29 gold pieces
  3003 | D:4      | Reached skill level 7 in Crossbows
  3422 | D:4      | Noticed Grinder
  3697 | D:4      | Killed Grinder
  3698 | D:4      | Reached skill level 8 in Crossbows
  3698 | D:4      | Reached XP level 7. HP: 44/50 MP: 7/7
  3882 | D:4      | Noticed Pikel
  3898 | D:5      | Entered Level 5 of the Dungeon
  3910 | D:5      | You fall into a shaft and drop 1 floor!
  4158 | D:6      | Noticed Blork the orc
  4604 | D:6      | HP: 2/50 [centaur/arrow (8)]
  4610 | D:6      | HP: 2/50 [centaur/arrow (10)]
  4610 | D:6      | Shot with an arrow by a centaur

Illustrated notes

Levels and vault maps discovered:
D:1:      psy_arrival_fountain, layout_basic, minmay_tetromino_l2
D:2:      layout_basic, chequers_ecumenical_altar_simple_redux
D:3:      minmay_evil_eye, layout_loops_ring, led_sif_book, serial_shops, shop,
          nicolae_lakefront_shop, shop
D:4:      cheibrodos_fertilizer, layout_basic, nicolae_overflow_crystal_walls,
          gup_sewer_entry_bubbles, uniq_pikel, uniq_grinder
D:5:      layout_loops_ring, vehumet_statue, serial_shops,
          nicolae_shop_advertising_works [nicolae_subvault_shop_adworks], shop,
          kennysheep_mini, shop, kennysheep_flooded_box, uniq_menkaure
D:6:      layout_basic, grunt_qazlal_sundering, temple_pool_b,
          uniq_prince_ribbit1, uniq_sigmund, uniq_blork_the_orc

Skill      XL: |  1  2  3  4  5  6 |
---------------+-------------------+-----
Stealth        | 2 |  2.0
Crossbows      | 5 6 8 |  8.8
Fighting       | |  2.1
Dodging        | |  1.7

Action                   |  1- 3 |  4- 6 |  7- 9 || total
-------------------------+-------+-------+-------++-------
 Fire: Hand crossbow     |    98 |   214 |    51 ||   363
 Abil: Dig               |     1 |       |       ||     1
       Shaft Self        |       |       |     1 ||     1
  Use: Scroll            |       |     6 |     2 ||     8
       Potion            |       |       |     2 ||     2
Armor: Leather armour    |    17 |    14 |       ||    31
Dodge: Dodged            |    43 |    62 |    12 ||   117

Table legend: (Time is in decaauts)
 A = Elapsed time spent in this place.
 B = Non-inter-level travel time spent in this place.
 C = Inter-level travel time spent in this place.
 D = Time resting spent in this place.
 E = Time spent auto-exploring this place.
 F = Levels seen in this place.
 G = Mean time per level.
                   A        B        C        D        E       F      G
               +--------+--------+--------+--------+--------+-----+--------+
         Total |   4686 |   4582 |    104 |   1401 |   2530 |   6 |  781.0 |
       Dungeon |   4686 |   4582 |    104 |   1401 |   2530 |   6 |  781.0 |
               +--------+--------+--------+--------+--------+-----+--------+

Top non-repeatable levels by time:
     D:3: 1934 daAuts
     D:1: 831 daAuts
     D:4: 703 daAuts
     D:6: 700 daAuts
     D:2: 503 daAuts
     D:5: 14 daAuts
